Map: Orbital Shipyard

Players

Bop - Winner!

  • Race: Terran Terran

Waffelz

  • Race: Protoss Protoss

VOD

Have the link to the VOD?

Description

Time

  • Played on: May 1, 2015, 4:13 a.m.
  • Length: 14:21
Show
View Real Time Build Order
Export as new Build Order

Bop Terran - Winner!

Build Orders: Reaper Expand, Ghosts, MMM Bio 

Get SALT Encoding   

  12  0:01  SCV  
  13  0:13  SCV  
  14  0:18  Supply Depot  
  14  0:25  SCV  
  15  0:40  SCV  
  16  0:43  Barracks  
  16  0:51  Refinery  
  16  0:52  SCV  
  17  1:04  SCV  
  18  1:16  SCV  
  19  1:31  Orbital Command  
  19  1:36  Reaper  
  20  1:40  Command Center  
  20  1:57  SCV  
  20  2:00  Supply Depot  
  21  2:09  SCV  
  21  2:10  Reaper  
  23  2:17  Barracks  
  23  2:21  Barracks  
  23  2:23  SCV  
  24  2:35  SCV  
  25  2:43  Reaper  
  26  2:47  Refinery  
  26  2:48  SCV  
  27  2:56  Orbital Command  
  27  3:00  SCV  
  28  3:10  Barracks Tech Lab  
  28  3:11  Barracks Reactor  
  28  3:12  SCV  
  29  3:23  Barracks Tech Lab  
  29  3:24  SCV  
  28  3:35  SCV  
  28  3:36  Command Center, SCV  
  28  3:40  Stimpack  
  30  3:43  Marauder x2  
  30  3:47  SCV  
  34  3:48  SCV  
  34  3:49  Marine x2  
  37  3:58  Refinery  
  37  3:59  SCV  
  37  4:01  Supply Depot  
  37  4:02  Supply Depot  
  38  4:05  Marauder x2  
  42  4:12  SCV x2  
  42  4:16  Marine  
  42  4:17  Marine  
  45  4:22  Factory  
  46  4:24  SCV x2  
  46  4:25  Marine  
  49  4:32  Supply Depot  
  49  4:34  Marine x2  
  49  4:35  Combat Shields  
  49  4:36  SCV  
  49  4:37  SCV  
  53  4:41  Engineering Bay  
  53  4:45  Marine  
  53  4:46  Marine  
  53  4:51  Marine  
  53  4:52  SCV x2  
  58  4:53  Orbital Command  
  58  4:56  Refinery  
  58  4:58  Engineering Bay  
  58  5:01  Engineering Bay  
  58  5:03  Marine x2  
  59  5:14  Starport  
  59  5:15  Factory Reactor  
  59  5:17  SCV x2  
  59  5:18  Marine x2  
  63  5:24  Terran Infantry Weapons Level 1  
  63  5:28  Marine  
  64  5:29  SCV  
  64  5:35  Marine  
  63  5:36  Marauder  
  63  5:37  Marauder  
  64  5:45  Marine  
  64  5:54  Barracks x2  
  62  5:58  Marauder  
  62  6:03  Factory Reactor  
  59  6:04  SCV x3  
  59  6:06  Marine  
  59  6:07  Marauder, Medivac, Marine  
  67  6:16  SCV  
  68  6:19  Marauder  
  68  6:24  Concussive Shells  
  70  6:26  Terran Infantry Armor Level 1  
  70  6:28  Marauder  
  70  6:30  Orbital Command  
  70  6:32  Armory  
  72  6:36  Marine x2  
  74  6:41  Marauder  
  76  6:50  Barracks Reactor, Barracks Tech Lab, Marauder  
  76  6:53  Marine, Widow Mine x2  
  83  6:56  Command Center  
  83  6:59  SCV x2  
  60  7:01  Medivac  
  85  7:02  Marauder  
  85  7:05  Medivac  
  87  7:16  Marauder x2, Marine x2  
  87  7:21  Widow Mine  
  93  7:23  Marine  
  89  7:31  Marine x2  
  89  7:34  Marine  
  86  7:37  Marauder  
  86  7:38  Marauder  
  86  7:39  Medivac x2, Widow Mine  
  86  7:41  Marine x2  
  86  7:42  SCV x2  
  100  7:50  Widow Mine  
  100  7:53  Marine  
  101  8:00  Supply Depot  
  101  8:02  Supply Depot, Terran Infantry Weapons Level 2  
  101  8:07  Marauder, Marine x3  
  101  8:08  Marauder  
  101  8:10  Marauder  
  101  8:11  Marine  
  111  8:13  SCV x2, Orbital Command  
  113  8:25  Marine  
  113  8:26  Marine x2  
  116  8:27  SCV  
  116  8:28  SCV x2  
  116  8:29  Marine, Marauder x2  
  116  8:31  Marauder  
  126  8:37  Widow Mine  
  126  8:39  SCV  
  129  8:43  Marine x2  
  129  8:44  Marine  
  129  8:47  Orbital Command  
  132  8:55  Supply Depot  
  132  8:56  Terran Infantry Armor Level 2, Marauder x2  
  132  9:01  Marauder, Marine x3  
  132  9:02  Widow Mine  
  139  9:09  Medivac  
  140  9:10  Medivac  
  140  9:15  Widow Mine, Marine  
  137  9:17  Marauder x2  
  137  9:19  Marine  
  137  9:23  Marauder  
  144  9:30  Widow Mine  
  141  9:32  Marine x2  
  141  9:33  Supply Depot  
  141  9:34  Supply Depot  
  142  9:39  Marauder x2  
  142  9:41  Marine x2  
  148  9:49  Refinery x2, Barracks  
  148  9:50  Barracks  
  148  9:52  Barracks  
  148  9:54  Supply Depot, Marine x2, Medivac, Widow Mine  
  148  9:55  Marauder  
  148  9:58  Supply Depot  
  148  9:59  Marine, Widow Mine  
  159  10:00  Supply Depot, Marauder x2  
  163  10:12  Marine  
  163  10:13  Marine  
  160  10:16  Marauder, Medivac  
  157  10:21  Marauder x2  
  157  10:22  Widow Mine  
  157  10:24  Ghost Academy  
  157  10:27  Widow Mine  
  165  10:31  Marine x3  
  168  10:38  Marauder  
  165  10:43  Marauder x2  
  165  10:47  Barracks Reactor, Barracks Tech Lab  
  165  10:48  Barracks Tech Lab, Terran Infantry Weapons Level 3  
  149  10:59  Marine  
  149  11:00  Marauder  
  144  11:19  Marauder x3, Marine x4  
  144  11:20  Widow Mine x2  
  144  11:21  Medivac x2  
  152  11:28  Refinery, Marine  
  152  11:29  Marauder x2, Marine  
  152  11:30  Refinery  
  154  11:38  Terran Infantry Armor Level 3  
  154  11:47  Marauder x2, Marine x5  
  163  11:58  Widow Mine, Marine x4  
  163  11:59  Medivac, Widow Mine  
  169  12:24  Marauder x2, Marine x7  
  157  12:30  Widow Mine x2  
  157  12:31  Medivac x2  
  160  12:41  Marauder x2  
  160  12:42  Marine x2  
  155  12:52  Marine x2  
  155  12:53  Marauder x2  
  141  12:59  Widow Mine x2  
  141  13:00  Marauder, Marine x4  
  141  13:01  Medivac x2  
  141  13:02  Marauder, Marine  
  146  13:10  Marine x2  
  146  13:13  Ghost x2  
  146  13:17  Marine  
  146  13:19  Ghost  
  151  13:21  Ghost, Marine  
  151  13:24  Marauder  
  156  13:27  Widow Mine x2  
  156  13:31  Medivac  
  156  13:42  Marauder, Ghost, Marine  
  156  13:44  Ghost  
  156  13:48  Ghost  
  155  13:49  Ghost  
  155  13:54  Marine  
Show
View Real Time Build Order
Export as new Build Order

Waffelz Protoss 

Build Orders: Double Forge, Zealot Archon 

Get SALT Encoding   

  12  0:00  Probe  
  13  0:13  Pylon  
  13  0:17  Probe  
  14  0:31  Probe  
  14  0:34  Gateway  
  15  0:43  Probe (Chrono Boost)  
  15  0:48  Assimilator  
  16  0:54  Probe (Chrono Boost)  
  17  1:00  Probe (Chrono Boost)  
  17  1:03  Pylon  
  19  1:11  Probe (Chrono Boost)  
  19  1:18  Probe (Chrono Boost)  
  20  1:23  Cybernetics Core  
  20  1:29  Probe  
  21  1:41  Probe  
  22  1:51  Nexus  
  23  2:03  Mothership Core (Chrono Boost)  
  23  2:08  Assimilator  
  24  2:18  Stalker, Pylon  
  24  2:21  Probe  
  27  2:33  Probe  
  27  2:34  Warp Gate (Chrono Boost)  
  28  2:45  Probe  
  31  2:58  Adept  
  31  3:02  Probe (Chrono Boost)  
  31  3:04  Probe (Chrono Boost)  
  33  3:06  Assimilator  
  33  3:10  Assimilator  
  35  3:14  Probe (Chrono Boost)  
  35  3:15  Twilight Council, Probe (Chrono Boost)  
  35  3:21  Probe  
  35  3:23  Probe  
  37  3:33  Probe  
  38  3:35  Probe  
  38  3:39  Adept  
  40  3:45  Probe  
  40  3:47  Probe  
  42  3:55  Charge (Chrono Boost)  
  42  3:57  Probe (Chrono Boost)  
  44  4:03  Pylon  
  44  4:04  Probe (Chrono Boost)  
  44  4:06  Pylon  
  44  4:09  Probe (Chrono Boost)  
  45  4:13  Probe (Chrono Boost)  
  45  4:15  Probe (Chrono Boost)  
  47  4:20  Gateway  
  47  4:21  Gateway  
  48  4:26  Probe (Chrono Boost)  
  48  4:28  Probe (Chrono Boost)  
  49  4:37  Templar Archives, Probe (Chrono Boost)  
  51  4:40  Probe (Chrono Boost)  
  51  4:43  Probe (Chrono Boost)  
  54  4:53  Probe x2 (Chrono Boost)  
  54  4:59  Zealot  
  56  5:00  Probe x2  
  58  5:10  Gateway  
  58  5:11  Gateway  
  58  5:14  Probe x2, Psionic Storm  
  59  5:20  Zealot x2  
  64  5:26  Probe x2  
  66  5:49  Probe  
  67  5:52  Zealot  
  67  6:01  Probe  
  67  6:03  Pylon  
  66  6:06  Forge x2  
  66  6:11  Zealot x2  
  68  6:15  Pylon  
  68  6:17  Nexus  
  68  6:18  Pylon  
  68  6:21  Pylon  
  68  6:26  Pylon  
  68  6:30  Zealot x2, Pylon  
  68  6:31  Zealot  
  74  6:34  Assimilator  
  74  6:36  Protoss Ground Armor Level 1 (Chrono Boost)  
  74  6:37  Probe x2  
  74  6:39  Protoss Ground Weapons Level 1 (Chrono Boost)  
  76  6:40  Assimilator  
  76  6:43  High Templar x2  
  80  6:52  High Templar x3  
  87  6:54  Probe x2  
  88  7:09  Gateway x2  
  88  7:13  Pylon  
  85  7:15  Zealot  
  85  7:16  Zealot  
  75  7:24  Archon  
  67  7:31  Zealot x3  
  69  7:38  Zealot x2  
  69  7:40  Probe x2  
  69  7:42  Shield Upgrade (Chrono Boost)  
  73  7:53  High Templar x2  
  73  7:54  High Templar  
  73  7:58  Probe x2  
  81  8:04  Robotics Facility  
  81  8:05  Robotics Facility  
  81  8:09  Zealot x2  
  81  8:10  Probe x2  
  87  8:19  Protoss Ground Armor Level 2 (Chrono Boost)  
  87  8:23  Protoss Ground Weapons Level 2 (Chrono Boost)  
  87  8:32  Zealot x2  
  87  8:33  Zealot  
  92  8:35  Nexus  
  92  8:38  Pylon  
  92  8:41  Pylon  
  92  8:42  Pylon  
  92  8:43  Photon Cannon, Assimilator  
  92  8:45  Photon Cannon  
  92  8:48  Pylon  
  92  8:50  Assimilator  
  90  8:59  Zealot x5  
  93  9:10  Probe x2  
  93  9:15  Zealot  
  93  9:16  Zealot  
  85  9:20  Nexus  
  85  9:22  Zealot x5  
  93  9:30  Nexus  
  83  9:39  Zealot x2  
  83  9:43  Immortal x2  
  91  9:47  Zealot  
  91  9:48  High Templar x3  
  91  9:50  High Templar  
  91  9:52  Archon  
  101  9:54  Archon  
  101  9:59  Pylon  
  101  10:01  Probe x2  
  103  10:07  Pylon  
  103  10:09  Assimilator  
  103  10:13  Probe x2  
  99  10:19  Zealot  
  99  10:20  Zealot x4  
  103  10:29  Probe x2  
  103  10:32  Photon Cannon  
  103  10:33  Photon Cannon  
  100  10:47  Zealot x4  
  103  10:51  Photon Cannon  
  103  10:56  Photon Cannon  
  103  11:00  Zealot x3  
  103  11:02  Probe x2  
  97  11:11  Immortal (Chrono Boost)  
  97  11:14  Probe x2  
  97  11:16  High Templar x2  
  105  11:20  Archon  
  103  11:34  Nexus  
  103  11:39  High Templar  
  105  11:40  High Templar x2  
  105  11:43  Archon  
  109  12:03  Nexus  
  109  12:04  Observer x2 (Chrono Boost)  
  111  12:09  Assimilator  
  111  12:10  Probe x2  
  113  12:17  Zealot x2  
  108  12:37  Zealot x2  
  100  12:56  Zealot x3  
  93  13:00  Archon x2  
  93  13:08  High Templar x3  
  99  13:28  Zealot x4  
  99  13:41  Zealot x3  
  95  13:50  Zealot x3  
  95  13:51  Zealot  
  95  13:54  Assimilator  
  99  14:09  Stalker x2  
Tags
 
Add a new tag
Caveats
  • Supply blocks, unpowered buildings, or Contaminate may cause inaccurate times.
  • Supply counts are checked every 10 seconds.